 Dungeon Crawl Stone Soup version 0.22.0-49-gab54619674 (webtiles) character file.

3797 kallandras the Destroyer (level 9, -1/64 HPs)
             Began as a Demonspawn Wizard on Sept 6, 2018.
             Was an Elder of Okawaru.
             Shot with an arrow by a centaur (5 damage)
             ... on level 9 of the Dungeon.
             The game lasted 00:29:47 (10245 turns).

kallandras the Destroyer (Demonspawn Wizard)       Turns: 10245, Time: 00:29:48

Health: -1/64      AC:  9    Str: 10    XL:     9   Next: 96%
Magic:  17/17      EV: 12    Int: 19    God:    Okawaru [****..]
Gold:   455        SH:  0    Dex: 19    Spells: 10/19 levels left

rFire    . . .     SeeInvis .   t - +1 trident "Qulas" {venom, rC+ Dex+3}
rCold    + + .     Gourm    .   (no shield)
rNeg     . . .     Faith    .   D - +1 robe {MR+}
rPois    +         Spirit   .   b - +1 hat
rElec    .         Reflect  .   m - -1 cloak "Ustoet" {rPois Dex+3}
rCorr    .         Harm     .   c - +2 pair of gloves
MR       +....                  (no boots)
Stlth    ++........             (no amulet)
HPRegen  0.20/turn              x - ring of wizardry
MPRegen  0.15/turn              (no ring)

@: berserk cooldown, slowed, very slow
A: hooves 2, slimy green scales 1, cold resistance 1, powered by death 3
a: Heroism, Renounce Religion


You were on level 9 of the Dungeon.
You worshipped Okawaru.
Okawaru was greatly pleased with you.
You were very hungry.

You visited 2 branches of the dungeon, and saw 10 of its levels.
You also visited: Ossuary.

You collected 672 gold pieces.
You spent 217 gold pieces at shops.

Inventory:

Hand Weapons
 t - the +1 trident "Qulas" (weapon) {venom, rC+ Dex+3}
   (You took it off an orc warrior on level 6 of the Dungeon)

   It poisons the flesh of those it strikes.
   It affects your dexterity (+3).
   It protects you from cold.
Armour
 b - a +1 hat (worn)
 c - a +2 pair of gloves (worn)
 h - a +0 large shield
 k - a +2 chain mail of fire resistance
 m - the -1 cloak "Ustoet" (worn) {rPois Dex+3}
   (You found it on level 6 of the Dungeon)

   It affects your dexterity (+3).
   It protects you from poison.
 z - a +3 scale mail
 D - a +1 robe of magic resistance (worn)
Jewellery
 x - a ring of wizardry (left hand)
Wands
 f - a wand of paralysis (8)
 j - a wand of disintegration (8)
Scrolls
 e - 2 scrolls of random uselessness {unknown}
 l - a scroll of enchant armour
 n - 9 scrolls of remove curse
 o - 2 scrolls of noise {unknown}
 p - 4 scrolls of magic mapping {unknown}
 u - a scroll of amnesia {unknown}
 v - a scroll of silence {unknown}
 y - a scroll of enchant weapon {unknown}
 B - a scroll of immolation {unknown}
 C - a scroll of identify
Potions
 g - a potion of ambrosia
 i - 5 potions of curing
 r - 2 potions of agility
 s - a potion of heal wounds
 w - 3 potions of might {unknown}
 A - a potion of resistance {unknown}
 E - a potion of mutation {unknown}
Comestibles
 d - 13 rations


   Skills:
 + Level 3.4 Fighting
 - Level 0.2 Armour
 - Level 1.7 Dodging
 - Level 1.7 Stealth
 + Level 5.9 Spellcasting
 * Level 8.0 Conjurations
   Level 1.0 Summonings
 - Level 0.8 Translocations
 + Level 4.6 Fire Magic
 + Level 4.5 Air Magic
 + Level 5.1 Poison Magic
 + Level 2.9 Invocations
 + Level 2.1 Evocations


You had 10 spell levels left.
You knew the following spells:

 Your Spells              Type           Power        Failure   Level  Hunger
a - Magic Dart            Conj           ####         1%          1    None
b - Conjure Flame         Conj/Fire      ####....     1%          3    ##.....
c - Mephitic Cloud        Conj/Pois/Air  ####....     1%          3    ##.....
d - Blink                 Tloc           N/A          4%          2    None

Your spell library contained the following spells:

 Spells                   Type           Power        Failure   Level  Hunger
 Dazzling Spray           Conj/Hex       ###...       2%          3    ##.....
 Confusing Touch          Hex            #.....       4%          1    None
 Corona                   Hex            #......      4%          1    None
 Call Imp                 Summ           #.......     4%          2    None
 Ensorcelled Hibernation  Hex/Ice        #.....       7%          2    None
 Slow                     Hex            #.......     7%          2    None
 Gell's Gravitas          Tloc           #.........   10%         3    ##.....
 Confuse                  Hex            #.......     14%         3    ##.....
 Tukima's Dance           Hex            #.......     14%         3    ##.....
 Petrify                  Tmut/Erth      #.......     41%         4    ####...
 Metabolic Englaciation   Hex/Ice        #.........   75%         5    #####..
 Yara's Violent Unravell  Hex/Tmut       #.........   75%         5    #####..


Dungeon Overview and Level Annotations

Branches:
Dungeon (9/15)             Temple (1/1) D:4
   Lair: D:8-11         Orc: D:9-12

Altars:
Ashenzari
Cheibriados
Dithmenos
Elyvilon
Gozag
Hepliaklqana
Kikubaaqudgha
Makhleb
Nemelex Xobeh
Okawaru
Qazlal
Trog
Uskayaw
Vehumet
Wu Jian
Xom
Yredelemnul
Zin
The Shining One
Beogh

Shops:
D:4 [


Innate Abilities, Weirdness & Mutations

You have hoof-like feet.
You are partially covered in slimy green scales. (AC +2)
Your flesh is cold resistant. (rC+)
You regenerate a lot of health from kills.


Message History

You feel yourself moving faster!
You feel mighty! The troll bites you!
* * * LOW HITPOINT WARNING * * *
The troll barely misses you. x2; The gnoll sergeant closely misses you.
The adder bites you but does no damage.
The centaur shoots an arrow.
The arrow hits you.
* * * LOW HITPOINT WARNING * * *
You feel a strong urge to attack something.
The centaur shoots an arrow.
The arrow barely misses you.
You see here an arrow.
The crimson imp blinks!
You feel your anger nearly subside.
You are no longer berserk.
You are exhausted.
You feel yourself slow down.
The centaur shoots an arrow.
The arrow completely misses you.
The crimson imp blinks!
You see here an arrow.
The centaur shoots an arrow.
The arrow hits you!
* * * LOW HITPOINT WARNING * * *
The centaur shoots an arrow.
The arrow hits you.
You die...

.....# ....# ....#
#. ...# #. #..# #.
##..# .. #.#
##...##### #.?
#..##.TS@....##
#..#....h........#
#...§g(g.........#
##....(g..(........
#......(.(.........
#......§.......#####
...............# #
........c......#
.............#...


You could see a troll, a gnoll sergeant, a centaur, a hound, 2 gnolls and an
adder.

Vanquished Creatures
  The ghost of Eurus the Ruffian, a novice DrTm of Qazlal (D:6)
  Psyche (D:8)
  A spriggan (D:8)
  A wraith (Ossuary)
  A warg (D:6)
  Duvessa (D:5)
  2 orc warriors (D:6)
  2 ice beasts
  A phantom (D:7)
  6 ogres
  A centaur (D:8)
  A big kobold (D:8)
  A bullfrog (D:8)
  Dowan (D:5)
  A scorpion (D:4)
  3 wights (D:6)
  A howler monkey (D:4)
  A centaur zombie (D:8)
  A crimson imp (D:5)
  A quasit (D:8)
  2 orc priests
  6 hounds
  2 jellies
  4 orc wizards
  2 centaur skeletons
  2 iguanas
  5 worker ants
  A killer bee zombie (D:7)
  A hound zombie (D:8)
  2 hound skeletons
  A mummy (Ossuary)
  A howler monkey skeleton (D:4)
  7 adders
  2 shadow imps
  3 oozes
  2 adder skeletons
  4 worms
  3 dart slugs
  4 leopard geckos
  24 orcs
  2 giant cockroaches
  8 goblins
  7 hobgoblins
  8 jackals
  3 quokkas
  A ball python (D:4)
  3 bats
  3 frilled lizards
  6 gnoll skeletons (Ossuary)
  A jackal skeleton (D:6)
  11 kobolds
  5 kobold skeletons (Ossuary)
  A leopard gecko zombie (D:6)
  14 orc skeletons (Ossuary)
  5 rats
185 creatures vanquished.

Vanquished Creatures (others)
  A worker ant (D:4)
  2 withered plants (D:4)
3 creatures vanquished.

Grand Total: 188 creatures vanquished

Notes
Turn   | Place    | Note
-------+----------+-------------------------------------------
     0 | D:1      | kallandras the Demonspawn Wizard began the quest for the
                  | Orb.
     0 | D:1      | Reached XP level 1. HP: 13/13 MP: 4/4
   426 | D:1      | Gained mutation: Your flesh is cold resistant. (rC+)
                  | [demonic ancestry]
   426 | D:1      | Reached XP level 2. HP: 19/19 MP: 1/6
   575 | D:1      | Reached skill level 2 in Conjurations
   941 | D:1      | Reached XP level 3. HP: 2/24 MP: 2/7
  1240 | D:2      | Learned a level 3 spell: Conjure Flame
  1244 | D:2      | Learned a level 3 spell: Mephitic Cloud
  2816 | D:3      | Gained mutation: You have large cloven feet. [demonic
                  | ancestry]
  2816 | D:3      | Reached XP level 4. HP: 26/30 MP: 5/9
  2825 | D:3      | Reached skill level 3 in Conjurations
  2825 | D:3      | Reached skill level 1 in Poison Magic
  3040 | D:3      | Reached skill level 1 in Fire Magic
  3040 | D:3      | Reached skill level 1 in Air Magic
  3040 | D:3      | Gained mutation: You regenerate a little health from kills.
                  | [demonic ancestry]
  3040 | D:3      | Reached XP level 5. HP: 5/35 MP: 2/10
  3370 | D:3      | Found a glowing golden altar of the Shining One.
  3657 | D:3      | Found a faded altar of an unknown god.
  3729 | D:4      | Found a staircase to the Ecumenical Temple.
  3796 | D:4      | Found an ancient bone altar of Kikubaaqudgha.
  3821 | D:4      | Gained mutation: You regenerate health from kills. [demonic
                  | ancestry]
  3821 | D:4      | Reached XP level 6. HP: 31/41 MP: 11/11
  3850 | D:4      | Reached skill level 4 in Conjurations
  3976 | D:4      | Found a sand-covered staircase.
  3982 | Ossuary  | Entered an ossuary
  3982 | Ossuary  | Noticed a wraith
  3982 | Ossuary  | Noticed a wraith
  3982 | Ossuary  | Noticed a wraith
  4636 | Ossuary  | Noticed a wraith
  4927 | Ossuary  | Killed a wraith
  4927 | Ossuary  | Gained mutation: You are partially covered in slimy green
                  | scales. (AC +2) [demonic ancestry]
  4927 | Ossuary  | Reached XP level 7. HP: 39/46 MP: 4/13
  5005 | Ossuary  | Learned a level 2 spell: Blink
  5235 | D:4      | Found Raiss's Antique Armour Shop.
  5241 | D:4      | Bought a faintly humming leather armour for 217 gold pieces
  5251 | D:4      | Identified the +0 leather armour of Okawaru's Benevolence
                  | {Str+2} (You bought it in a shop on level 4 of the Dungeon)
  5302 | Temple   | Entered the Ecumenical Temple
  5376 | Temple   | Became a worshipper of Warmaster Okawaru
  5418 | D:5      | Entered Level 5 of the Dungeon
  5745 | D:5      | Reached skill level 5 in Conjurations
  6032 | D:5      | Reached * piety under Okawaru
  6053 | D:5      | Noticed Dowan
  6054 | D:5      | Noticed Duvessa
  6071 | D:5      | Killed Duvessa
  6071 | D:5      | Gained mutation: You have hoof-like feet. [demonic
                  | ancestry]
  6071 | D:5      | Reached XP level 8. HP: 41/52 MP: 8/14
  6077 | D:5      | Killed Dowan
  6267 | D:5      | Found a stormy altar of Qazlal.
  7276 | D:6      | Reached skill level 6 in Conjurations
  7287 | D:6      | Found a shattered altar of Ashenzari.
  7417 | D:6      | Reached skill level 1 in Fighting
  7625 | D:6      | Found a glowing silver altar of Zin.
  7830 | D:6      | Reached skill level 5 in Spellcasting
  7859 | D:6      | Noticed Eurus's ghost (novice DrTm)
  7860 | D:6      | Found a runed gate.
  7880 | D:6      | Found a runed gate.
  7881 | D:6      | Found a runed gate.
  7892 | D:6      | Found a roughly hewn altar of Beogh.
  7930 | D:6      | Reached ** piety under Okawaru
  7932 | D:6      | Killed Eurus's ghost
  7932 | D:6      | Reached skill level 7 in Conjurations
  7932 | D:6      | Gained mutation: You regenerate a lot of health from kills.
                  | [demonic ancestry]
  7932 | D:6      | Reached XP level 9. HP: 28/62 MP: 5/17
  8065 | D:6      | Reached *** piety under Okawaru
  8076 | D:6      | Got a polished trident {venom}
  8077 | D:6      | Got a shimmering chain mail
  8078 | D:6      | Identified the cursed +1 trident "Qulas" {venom, rC+ Dex+3}
                  | (You took it off an orc warrior on level 6 of the Dungeon)
  8105 | D:6      | Identified the cursed +0 chain mail of the Evening Star
                  | {rF- rN+++ rCorr Dex+2} (You took it off an orc warrior on
                  | level 6 of the Dungeon)
  8122 | D:6      | Got an encrusted cloak
  8133 | D:6      | Identified the -1 cloak "Ustoet" {rPois Dex+3} (You found
                  | it on level 6 of the Dungeon)
  8989 | D:8      | Reached skill level 1 in Invocations
  9056 | D:8      | Reached skill level 1 in Evocations
  9505 | D:8      | Noticed Psyche
  9542 | D:8      | Killed Psyche
  9542 | D:8      | Reached **** piety under Okawaru
  9542 | D:8      | Reached skill level 5 in Poison Magic
  9829 | D:8      | Reached skill level 8 in Conjurations
 10234 | D:9      | Noticed a troll
 10238 | D:9      | HP: 3/64 [centaur/arrow (8)]
 10245 | D:9      | Shot with an arrow by a centaur

Skill      XL: |  1  2  3  4  5  6  7  8  9 |
---------------+----------------------------+-----
Conjurations   | 2 3 4 5 7 8 |  8.0
Poison Magic   | 1 2 3 4 5 |  5.1
Fire Magic     | 1 2 3 4 |  4.6
Air Magic      | 1 2 3 4 |  4.5
Spellcasting   | 4 5 |  5.9
Fighting       | 2 3 |  3.4
Invocations    | 2 |  2.9
Evocations     | 2 |  2.1
Armour         | |  0.2
Dodging        | |  1.7
Stealth        | |  1.7
Summonings     | |  1.0
Translocations | |  0.8

Action                   |  1- 3 |  4- 6 |  7- 9 || total
-------------------------+-------+-------+-------++-------
Melee: Whip              |    53 |     6 |       ||    59
       Trident           |       |   142 |   255 ||   397
       Kick              |       |    17 |    47 ||    64
 Cast: Magic Dart        |   123 |    70 |   153 ||   346
       Mephitic Cloud    |       |     3 |    13 ||    16
       Conjure Flame     |       |    24 |    12 ||    36
       Blink             |       |       |     1 ||     1
Evoke: Wand              |       |     5 |       ||     5
  Use: Scroll            |     4 |     6 |     6 ||    16
       Potion            |       |     2 |     3 ||     5
 Stab: Sleeping          |     1 |     3 |     4 ||     8
       Confused          |       |       |     6 ||     6
  Eat: Chunk             |     2 |     4 |    12 ||    18
       Ration            |     1 |     1 |     2 ||     4
Armor: Robe              |     9 |     4 |    64 ||    77
       Leather armour    |       |       |     1 ||     1
       Skin              |       |       |    24 ||    24
Dodge: Dodged            |    41 |    36 |   133 ||   210
